 Dungeon Crawl Stone Soup version 0.21-a0-227-g58a7c62 (webtiles) character file.

26 qqqbard the Cudgeler (level 2, -3/27 HPs)
             Began as a Minotaur Monk on Aug 30, 2017.
             Slain by Sigmund
             ... wielding a +0 scythe
              (9 damage)
             ... on level 2 of the Dungeon.
             The game lasted 00:01:03 (745 turns).

qqqbard the Cudgeler (Minotaur Monk)                 Turns: 745, Time: 00:01:03

Health: -3/27      AC:  4    Str: 15    XL:     2   Next: 89%
Magic:  1/1        EV: 12    Int:  7    God:
Gold:   54         SH:  0    Dex: 12    Spells: 1/1 levels left

rFire    . . .     SeeInvis .   a - +0 mace
rCold    . . .     Gourm    .   (no shield)
rNeg     . . .     Faith    .   g - +0 ring mail
rPois    .         Spirit   .   (helmet restricted)
rElec    .         Reflect  .   f - -2 cloak (curse)
rCorr    .         Harm     .   (no gloves)
MR       .....                  (no boots)
Stlth    ..........             (no amulet)
HPRegen  0.09/turn              (no ring)
MPRegen  0.07/turn              (no ring)

@: confused
A: retaliatory headbutt, horns 2
a: no special abilities


You were on level 2 of the Dungeon.
You were not hungry.

You visited 1 branch of the dungeon, and saw 2 of its levels.

You collected 54 gold pieces.

Inventory:

Hand Weapons
 a - a +0 mace (weapon)
Armour
 f - a cursed -2 cloak (worn)
 g - a +0 ring mail (worn)
Scrolls
 h - a scroll of blinking {unknown}
 j - a scroll of recharging {unknown}
 m - a scroll of magic mapping {unknown}
 n - a scroll of random uselessness {unknown}
Potions
 d - 2 potions of lignification {unknown}
 e - a potion of ambrosia {unknown}
 i - a potion of degeneration {unknown}
 k - a potion of curing {unknown}
 l - a potion of magic {unknown}
Comestibles
 b - 2 chunks of flesh
 c - a bread ration


   Skills:
 + Level 3.8 Fighting
 * Level 4.2 Maces & Flails
 + Level 0.2 Armour
 + Level 3.8 Dodging
 - Level 1.5 Stealth


You had one spell level left.
You didn't know any spells.

Dungeon Overview and Level Annotations

Branches:
Dungeon (2/15)

Altars:

Annotations:
D:2 Sigmund


Innate Abilities, Weirdness & Mutations

You reflexively headbutt those who attack you in melee.
You have a pair of horns on your head.


Message History

You closely miss Sigmund.
You feel less confused.
Sigmund points at you and mumbles some strange words.
You are confused.
You hit Sigmund.
Sigmund is lightly wounded.
Sigmund hits you but does no damage.
You hit Sigmund but do no damage.
Sigmund is lightly wounded.
Sigmund smiles chillingly.
Sigmund closely misses you.
You barely miss Sigmund.
Sigmund is lightly wounded.
Sigmund hits you with a scythe!
* * * LOW HITPOINT WARNING * * *
The dart slug closely misses you.
A hobgoblin comes into view.
The hobgoblin shouts!
Sigmund hits you with a scythe!
You die...

#........# ##........#
.. #.........##### ...
##............ #..#
#.........######g....
#.....<.#......#..#
###.........####...##
....(......?.....w.<.#..
.###............@.......
#######......@.......
#..#..###....... #.###.#
....... ... .... .#.....
.... ##.###....... ....#
#.# ....... ... #.#
.......


You could see Sigmund, a dart slug and a hobgoblin.

Vanquished Creatures
  3 leopard geckos (D:1)
  5 bats
  2 giant cockroaches (D:1)
  2 goblins (D:1)
  A hobgoblin (D:1)
  6 kobolds (D:1)
  2 ball pythons (D:1)
  2 rats (D:1)
23 creatures vanquished.

Notes
Turn   | Place    | Note
-------+----------+-------------------------------------------
     0 | D:1      | qqqbard the Minotaur Monk began the quest for the Orb.
     0 | D:1      | Reached XP level 1. HP: 19/19 MP: 0/0
     6 | D:1      | Noticed a black bear
     6 | D:1      | Noticed a swamp worm
     6 | D:1      | Noticed a wyvern
     7 | D:1      | Noticed a hog
   130 | D:1      | Reached XP level 2. HP: 27/27 MP: 1/1
   132 | D:1      | Reached skill level 4 in Maces & Flails
   733 | D:2      | Noticed Sigmund
   745 | D:2      | Slain by Sigmund

Vault maps used:
D:1:      onia_arrival_zoo_common
D:2:      minmay_hexomino_r4, uniq_sigmund

Skill      XL: |  1  2 |
---------------+-------+-----
Maces & Flails | 4 |  4.2
Fighting       | |  3.8
Armour         | |  0.2
Dodging        | |  3.8
Stealth        | |  1.5

Action                   || total
-------------------------++-------
Melee: Mace              ||    45
       Headbutt          ||     3
 Stab: Sleeping          ||     1
Armor: Ring mail         ||    15
       Robe              ||     1
Dodge: Dodged            ||    40

Table legend:
 A = Spawn XP
 B = Non-spawn XP
 C = Spawn XP percentage of total XP
 D = Spawn monster count
 E = Non-spawn monster count
 F = Spawn count percentage of total count
 G = Total turns spent on level
                    A         B        C        D         E        F      G
               +---------+---------+-------+---------+---------+-------+---------
         Total |       7 |      31 |  18.4 |       4 |      19 |  17.4 |   745
               +---------+---------+-------+---------+---------+-------+---------
           D:1 |       7 |      29 |  19.4 |       4 |      17 |  19.0 |   721
           D:2 |       0 |       2 |   0.0 |       0 |       2 |   0.0 |    24
               +---------+---------+-------+---------+---------+-------+---------
